 Dungeon Crawl Stone Soup version 0.30-a0-715-gdb4ae3ece1 (webtiles) character file.

Game seed: 11401014211002469738

105 bande the Covered (level 4, -4/29 HPs)
             Began as a Gargoyle Fighter on Jan 25, 2023.
             Slain by a gnoll
             ... wielding a +0 halberd
              (8 damage)
             ... on level 3 of the Dungeon.
             The game lasted 00:04:50 (1954 turns).

bande the Covered (Gargoyle Fighter)                Turns: 1954, Time: 00:04:50

Health: -4/29      AC: 16    Str: 20    XL:     4   Next: 81%
Magic:  4/4        EV:  9    Int:  8    God:
Gold:   108        SH:  4    Dex: 11    Spells: 3/3 levels left

rFire   . . .      SeeInvis .    a - +0 war axe
rCold   . . .      Faith    .    c - +0 buckler
rNeg    + . .      Spirit   .    b - +0 scale mail
rPois   ∞          Reflect  .    (no helmet)
rElec   +          Harm     .    v - +1 cloak
rCorr   .          Rampage  .    (no gloves)
Will    .....                    (no boots) Stlth
                                 (no amulet)
HPRegen 0.24/turn                h - +4 ring of protection
MPRegen 0.09/turn                (no ring)

@: no status effects
A: sickness immunity, AC +3, negative energy resistance 1, electricity
resistance, torment resistance 1, petrification resistance
a: no special abilities


You were on level 3 of the Dungeon.
You visited 1 branch of the dungeon, and saw 3 of its levels.

You collected 108 gold pieces.

Inventory:

Hand Weapons
 a - a +0 war axe (weapon)
 o - the +7 hand axe of War {heavy, Drain rCorr Dex+8 SInv}
   (You found it on level 2 of the Dungeon)

   Dex:       It affects your dexterity (+8).
   SInv:      It lets you see invisible.
   rCorr:     It protects you from acid and corrosion.
   Drain:     It drains your maximum health when unequipped.
Armour
 b - a +0 scale mail (worn)
 c - a +0 buckler (worn)
 v - a +1 cloak (worn)
Jewellery
 h - a +4 ring of protection (left hand)
 i - an amulet of magic regeneration
Wands
 u - a wand of flame (18)
Scrolls
 f - 2 scrolls of identify
 l - a scroll of fog
 s - 2 scrolls of teleportation
Potions
 d - 3 potions of might
 e - a potion of ambrosia
 k - a potion of brilliance {unknown}
 m - a potion of heal wounds {unknown}
 n - a potion of mutation {unknown}
 p - a potion of invisibility {unknown}
 q - a potion of cancellation {unknown}


   Skills:
 + Level 3.8 Fighting
 + Level 3.2 Axes
 - Level 0.4(2.2) Maces & Flails
 - Level 0.2(2.0) Polearms
 + Level 3.9 Armour
 + Level 3.6 Shields
 * Level 0.1 Evocations


You had 3 spell levels left.
You didn't know any spells.
Your spell library contained the following spells:

 Spells                   Type           Power      Damage    Failure   Level
 Dispel Undead            Necr           0%         3d6       100%        4
 Death Channel            Necr           0%         N/A       100%        6
 Cigotuvi's Dreadful Rot  Necr/Pois/Air  Unusable   N/A       N/A         2

Dungeon Overview and Level Annotations

Branches:
Dungeon (3/15)

Altars:
Hepliaklqana

Shops:
D:2 (


Innate Abilities, Weirdness & Mutations

You are immune to sickness and miasma.
Your stone body is resilient. (AC +3)
You are immune to poison.
You resist negative energy. (rN+)
You are resistant to electric shocks. (rElec)
You are resistant to unholy torment.
You are immune to petrification.


Message History

You are too injured to fight recklessly!
You are too injured to fight recklessly!
You are too injured to fight recklessly!
You are too injured to fight recklessly!
You are too injured to fight recklessly!
Unknown command.
The rat attacks as you move away! The rat closely misses you.
The rat attacks as you move away! The rat bites you but does no damage.
You barely miss the rat. The rat barely misses you.
You barely miss the rat. The rat barely misses you.
The orc priest looks braver for a moment.
The rat twitches its whiskers.
The rat bites you but does no damage.
You hit the rat.
The rat is heavily wounded.
The rat twitches its whiskers.
The rat bites you but does no damage.
You barely miss the rat.
The rat is heavily wounded.
The rat bites you but does no damage.
You hit the rat.
You kill the rat!
The gnoll barely misses you. The rat bites you but does no damage.
You hit the rat but do no damage.
The orc priest begins to cast a cantrip, but forgets the words!
The gnoll hits you but does no damage. The rat bites you but does no damage.
You hit the rat.
The rat is moderately wounded.
The orc priest invokes the aid of Beogh against you.
Beogh smites you!
* * * LOW HITPOINT WARNING * * *
You block the gnoll's attack.
The rat bites you but does no damage. x2
The gnoll barely misses you.
You closely miss the rat.
The rat is moderately wounded.
The gnoll closely misses you. The rat misses you.
You hit the rat.
You kill the rat!
The gnoll hits you from afar with a +0 halberd!
You die...

.## .. # ..##. ...#
#.K## #... .# #†)# #.#
###.##.###### #.# #
.......Kgg.@.# #.# .#
###...#o####.######.##.#
........# #..........#
###...### ####.....##.#
...o. #.......# ###.#
#.#.....# ...
####.#.....# ##
.....###.### #.
#.........# #.


You could see an orc priest, a gnoll, a hobgoblin and a kobold.

Vanquished Creatures
  Crazy Yiuf (D:2)
  2 adders
  3 dart slugs
  An orc (D:3)
  6 ball pythons
  A bat (D:2)
  6 endoplasms
  4 goblins
  5 hobgoblins
  5 jackals (D:2)
  A quokka (D:2)
  A frilled lizard (D:3)
  3 kobolds
  6 rats
45 creatures vanquished.

Vanquished Creatures (others)
  An orc (D:3)
1 creature vanquished.

Grand Total: 46 creatures vanquished

Notes
Turn   | Place    | Note
-------+----------+-------------------------------------------
     0 | D:1      | bande the Gargoyle Fighter began the quest for the Orb.
     0 | D:1      | Reached XP level 1. HP: 14/14 MP: 1/1
   244 | D:1      | Reached XP level 2. HP: 17/19 MP: 2/2
   852 | D:2      | Found Gueduxob's Antique Weapon Emporium.
   860 | D:2      | Reached XP level 3. HP: 23/23 MP: 3/3
   864 | D:2      | Identified the +7 hand axe of War {heavy, Drain rCorr Dex+8
                  | SInv}
  1318 | D:2      | Reached XP level 4. HP: 28/29 MP: 4/4
  1423 | D:2      | Found a hazy altar of Hepliaklqana.
  1659 | D:2      | Found a runed translucent door.
  1660 | D:2      | Noticed Crazy Yiuf
  1669 | D:2      | Killed Crazy Yiuf
  1954 | D:3      | Slain by a gnoll

Illustrated notes

Levels and vault maps discovered:
D:1:      sevenhm_arrival_forest_fort_small_6, layout_basic
D:2:      layout_rooms, basic_altar, serial_co_window_serial, co_window_paths_b,
          co_window_of_opportunity_a, co_window_paths_a, co_window_paths_a,
          co_window_corner_a, co_window_corner_a, co_window_cross_1,
          co_window_2corner, co_window_2corner, co_window_2corner,
          co_window_corner_b, co_window_cross_3, co_window_cross_2,
          glass_columns_b, serial_shops, nicolae_shop_waterfront,
          minmay_misc_feat_hallway, minmay_crystal_room, uniq_crazy_yiuf_cottage
D:3:      layout_loops_ring, lemuel_crystal_altar,
          ebering_ecumenical_altar_sacrificial, minmay_vboxes, uniq_grinder

Skill      XL: |  1  2  3  4 |
---------------+-------------+-----
Axes           | 2 3 |  3.2
Fighting       | |  3.8
Maces & Flails | |  0.4
Polearms       | |  0.2
Armour         | |  3.9
Shields        | |  3.6
Evocations     | |  0.1

Action                     |  1- 3 |  4- 6 || total
---------------------------+-------+-------++-------
  Melee: War axe           |    92 |    37 ||   129
    Use: Scroll            |       |     7 ||     7
 Armour: Scale mail        |    58 |    25 ||    83
  Dodge: Dodged            |    54 |    22 ||    76
  Block: Buckler           |    24 |     9 ||    33

Table legend: (Time is in decaauts)
 A = Elapsed time spent in this place.
 B = Non-inter-level travel time spent in this place.
 C = Inter-level travel time spent in this place.
 D = Time resting spent in this place.
 E = Time spent auto-exploring this place.
 F = Levels seen in this place.
 G = Mean time per level.
                   A        B        C        D        E       F      G
               +--------+--------+--------+--------+--------+-----+--------+
         Total |   2007 |   1906 |    101 |    126 |   1423 |   3 |  669.0 |
       Dungeon |   2007 |   1906 |    101 |    126 |   1423 |   3 |  669.0 |
               +--------+--------+--------+--------+--------+-----+--------+

Top non-repeatable levels by time:
     D:2: 1142 daAuts
     D:1: 768 daAuts
     D:3: 97 daAuts
